Map: 2000 Atmospheres LE

Players

opman - Winner!

  • Race: Zerg Zerg

VOD

Have the link to the VOD?

Description

Time

  • Played on: June 4, 2021, 1:19 a.m.
  • Length: 6:52
Show
View Real Time Build Order
Export as new Build Order

opman Zerg - Winner!

Build Orders:  

Get SALT Encoding   

  12  0:06  Drone  
  13  0:21  Overlord  
  13  0:27  Drone  
  14  0:51  Drone x2  
  16  1:14  Drone  
  16  1:15  Hatchery  
  16  1:21  Drone  
  16  1:24  Drone  
  18  1:50  Spawning Pool  
  18  1:55  Extractor  
  18  1:57  Drone x2  
  18  2:09  Drone  
  19  2:56  Queen  
  19  2:57  Queen  
  23  3:01  Zergling x2  
  23  3:02  Zergling x6  
  27  3:14  Zergling x2  
  28  3:40  Overlord  
  28  3:55  Baneling Nest  
  27  4:04  Zergling x2  
  27  4:05  Zergling x2  
  27  4:06  Zergling x2  
  27  4:07  Zergling x4  
  32  4:11  Metabolic Boost  
  32  4:13  Overlord  
  32  4:22  Zergling x2  
  32  4:23  Zergling x2  
  34  4:37  Zergling x2  
  35  4:42  Zergling x4  
  35  4:43  Zergling x8  
  35  4:44  Zergling x2  
  42  5:00  Zergling x4  
  41  5:45  Baneling x2  
  41  5:46  Baneling x5  
  41  5:50  Zergling x4  
Tags
 
Add a new tag
Caveats
  • Supply blocks, unpowered buildings, or Contaminate may cause inaccurate times.
  • Supply counts are checked every 10 seconds.